 Dungeon Crawl Stone Soup version 0.18.1-8-gdd0e5ea (webtiles) character file.

8737 Liquid the Grappler (level 11, -5/94 HPs)
             Began as a Troll Hunter on June 9, 2016.
             Slain by a wolf (10 damage)
             ... on level 8 of the Dungeon.
             The game lasted 00:21:36 (8560 turns).

Liquid the Grappler (Troll Hunter)                  Turns: 8560, Time: 00:21:36

Health: -5/94      AC:  7    Str: 25    XL:     11   Next: 13%
Magic:  10/10      EV: 10    Int:  7    God:
Gold:   612        SH: 12    Dex: 10    Spells: 0 memorised, 10 levels left

rFire  . . .     SeeInvis .       - Unarmed
rCold  . . .     Gourm    +     b - +0 robe
rNeg   . . .     Faith    .     B - +2 shield
rPois  .         Spirit   .     (helmet restricted)
rElec  .         Dismiss  .     D - +0 cloak (curse)
rCorr  +         Reflect  .     (gloves unavailable)
SustAt .         Harm     +     (boots unavailable)
MR     ++...     Rnd*Rage +     G - amulet of harm
Stlth  +.........               O - ring of resist corrosion
                                C - ring of protection from magic

@: very resistant to hostile enchantments, very unstealthy
A: unfitting armour, claws 3, berserk 1, fast metabolism 3, frail 1, gourmand,
magic resistance 1, mutation resistance 1, regeneration 2, shaggy fur 2, tough
skin 2
a: no special abilities


You were on level 8 of the Dungeon.
You were not hungry.

You visited 3 branches of the dungeon, and saw 12 of its levels.

You collected 612 gold pieces.

Inventory:

Missiles
 c - 5 large rocks (quivered)
 d - 2 throwing nets
Armour
 b - a +0 robe (worn)
 B - a +2 shield (worn)
 D - a cursed +0 cloak (worn)
Rods
 p - a +0 rod of shadows (10/10)
   (You found it on level 8 of the Dungeon)
Jewellery
 r - an uncursed ring of flight
 w - an uncursed ring of stealth
 C - a ring of protection from magic (left claw)
 G - an amulet of harm (around neck)
 O - a ring of resist corrosion (right claw)
Wands
 k - a wand of flame (18/48)
 u - a wand of confusion (24/48)
 A - a wand of random effects (27/48)
 H - a wand of iceblast (6/15)
 I - a wand of random effects (26/48)
Scrolls
 a - 7 scrolls of teleportation
 g - 6 scrolls of remove curse
 i - 2 scrolls of noise
 q - a scroll of recharging
 y - a scroll of fear
 M - a scroll of fog
Potions
 h - 3 potions of flight
 j - 5 potions of curing
 l - 3 potions of berserk rage
 n - 2 potions of agility
 x - 3 potions of brilliance
 z - a potion of mutation {unknown}
 E - 2 potions of degeneration
 K - a potion of lignification {unknown}
 N - a potion of heal wounds {unknown}
Books
 e - a book of Frost

   Spells                             Type                      Level
   a - Freeze                         Ice                          1
   b - Throw Frost                    Conjuration/Ice              2
   c - Ozocubu's Armour               Charms/Ice                   3
   d - Throw Icicle                   Conjuration/Ice              4
   e - Summon Ice Beast               Ice/Summoning                4
 o - a book of Minor Magic

   Spells                             Type                      Level
   a - Magic Dart                     Conjuration                  1
   b - Blink                          Translocation                2
   c - Call Imp                       Summoning                    2
   d - Repel Missiles                 Charms/Air                   2
   e - Slow                           Hexes                        2
   f - Conjure Flame                  Conjuration/Fire             3
   g - Mephitic Cloud                 Conjuration/Poison/Air       3
 F - a book of the Dragon

   Spells                             Type                      Level
   a - Flame Tongue                   Conjuration/Fire             1
   b - Cause Fear                     Hexes                        4
   c - Bolt of Fire                   Conjuration/Fire             6
   d - Dragon Form                    Transmutation                7
   e - Dragon's Call                  Summoning                    9
Comestibles
 f - 12 bread rations
 m - 5 meat rations
 s - 4 fruits
 t - 3 royal jellies
 v - 7 beef jerkies


   Skills:
 + Level 6.2 Fighting
 + Level 7.4 Throwing
 + Level 6.1 Dodging
 - Level 0.4 Stealth
 + Level 5.1 Shields
 * Level 10.4 Unarmed Combat


You had 10 spell levels left.
You didn't know any spells.

Dungeon Overview and Level Annotations

Branches:
Dungeon (10/15)            Temple (1/1) D:5            Lair (1/8) D:8
    Orc: D:9-12

Altars:
Cheibriados
Elyvilon
Fedhas
Makhleb
Okawaru
Pakellas
Ru
Trog
The Shining One


Innate Abilities, Weirdness & Mutations

You are too large for most types of armour.
You have claws for hands.
Your metabolism is lightning-fast.
You like to eat raw meat.
You heal very quickly.
You are covered in thick fur (AC +2).
You have very tough skin (AC +2).
You tend to lose your temper in combat.
You are frail (-10% HP).
You are resistant to hostile enchantments.
You are somewhat resistant to further mutation.


Message History

The black mamba bites the fungus!
The fungus is destroyed!
The wolf bites the fungus.
You claw the wolf!
The wolf is severely wounded.
The wolf bites you.
* * * LOW HITPOINT WARNING * * *
The wolf bites the fungus.
The black mamba bites the plant!
You block the wolf's attack.
The wolf bites the fungus. x2
The black mamba bites the plant but does no damage.
The wolf bites you!
* * * LOW HITPOINT WARNING * * *
The wolf bites the fungus but does no damage.
The wolf bites you but does no damage.
You mangle the fungus!!
The fungus is almost destroyed.
The wolf bites the fungus! x2; The black mamba bites the plant!
The plant is poisoned.
The black mamba poisons the plant!
The wolf bites the plant.
The wolf bites you!
You die...

....#..........P.P....#.###......
................................#
.............PP.P..P.P..........+
#[.........PPP.PPP.PP...........#
............PP.PP..PPP..PP..#...#
...###P...PPP....PPPP.P........##
.........PPP.PhP.P.P.PPP.P.....##
...##....PPP.PhPPhhSPPPPP......##
...##....P...PPh@PPP.PP......#.#.
...###.P...P..PPPP.....P.P...#.#.
..........P.P...PP.PPP.PP....#...
........P..P.PP.P..PPP...........
.........PP.P..P)PPPP.P..P.......
...##......P....PPPP..P..........
...##(........PPP............##..
...#######.......PP.....#+####...
...#######.........#.............


You could see a black mamba and 5 wolves.

Vanquished Creatures
  2 hill giants (D:10)
  Maurice (D:8)
  A two-headed ogre (D:9)
  A troll (D:8)
  The ghost of roberto the Sneak, an amateur KoBe of Trog (D:3)
  2 wyverns (D:9)
  A hungry ghost (D:9)
  2 hippogriffs (D:9)
  A water moccasin (D:6)
  Duvessa (D:5)
  4 orc warriors
  A black bear (D:10)
  2 wasps
  2 sky beasts
  2 phantoms (D:6)
  2 ice beasts (D:6)
  7 ogres
  A necrophage (D:8)
  6 centaurs
  2 crocodiles (D:8)
  17 big kobolds
  A wyvern zombie (D:9)
  3 giant frogs
  2 scorpions
  Dowan (D:5)
  6 killer bees (D:10)
  5 howler monkeys
  2 electric eels (D:8)
  4 crimson imps
  A giant frog zombie (D:6)
  4 hounds
  2 jellies
  4 orc priests
  A centaur skeleton (D:8)
  6 orc wizards
  Jessica (D:3)
  5 iguanas
  12 worker ants
  Terence (D:2)
  A hound skeleton (D:7)
  A worker ant zombie (D:5)
  Robin (D:3)
  8 gnolls
  7 adders
  A river rat (D:8)
  A shadow imp (D:5)
  An adder zombie (D:7)
  2 worms
  5 dart slugs
  2 giant geckos
  22 orcs
  A ball python (D:3)
  4 giant cockroaches
  18 goblins
  8 hobgoblins
  8 jackals (D:6)
  5 quokkas
  3 ball python skeletons
  10 bats
  A giant gecko zombie (D:6)
  4 giant newts
  5 hobgoblin zombies (D:6)
  A jackal zombie (D:5)
  25 kobolds
  2 kobold skeletons (D:6)
  An orc zombie (D:6)
  9 rats
277 creatures vanquished.

Vanquished Creatures (others)
  A fungus (D:8)
1 creature vanquished.

Grand Total: 278 creatures vanquished

Notes
Turn   | Place    | Note
--------------------------------------------------------------
     0 | D:1      | Liquid the Troll Hunter began the quest for the Orb.
     0 | D:1      | Reached XP level 1. HP: 19/19 MP: 0/0
   208 | D:1      | Reached skill level 1 in Unarmed Combat
   214 | D:1      | Reached XP level 2. HP: 22/28 MP: 1/1
  1086 | D:2      | Noticed Terence
  1089 | D:2      | Killed Terence
  1089 | D:2      | Reached skill level 2 in Unarmed Combat
  1089 | D:2      | Reached XP level 3. HP: 28/35 MP: 2/2
  1320 | D:2      | Found an oddly glowing altar of Pakellas.
  1427 | D:2      | Reached XP level 4. HP: 38/42 MP: 3/3
  1720 | D:3      | Noticed Jessica
  1725 | D:3      | Killed Jessica
  2072 | D:3      | Noticed roberto's ghost (amateur KoBe)
  2095 | D:3      | Killed roberto's ghost
  2095 | D:3      | Reached skill level 3 in Unarmed Combat
  2095 | D:3      | Reached XP level 5. HP: 31/50 MP: 4/4
  2095 | D:3      | Reached XP level 6. HP: 37/59 MP: 5/5
  2240 | D:3      | Noticed Robin
  2277 | D:3      | Killed Robin
  2802 | D:4      | Reached skill level 4 in Unarmed Combat
  2868 | D:4      | Found a sacrificial altar of Ru.
  3077 | D:4      | Reached XP level 7. HP: 54/67 MP: 6/6
  3399 | D:5      | Entered Level 5 of the Dungeon
  3454 | D:5      | Reached skill level 5 in Throwing
  3578 | D:5      | Reached skill level 5 in Unarmed Combat
  3642 | D:5      | Noticed Dowan
  3645 | D:5      | Killed Dowan
  3646 | D:5      | Noticed Duvessa
  3660 | D:5      | Killed Duvessa
  3671 | D:5      | Found a staircase to the Ecumenical Temple.
  3676 | Temple   | Entered the Ecumenical Temple
  3811 | D:5      | Reached XP level 8. HP: 65/78 MP: 7/7
  3817 | D:5      | Gained mutation: You tend to lose your temper in combat. [mutagenic meat]
  3818 | D:5      | Gained mutation: You are resistant to hostile enchantments. [mutagenic meat]
  3819 | D:5      | Gained mutation: You are frail (-10% HP). [mutagenic meat]
  3820 | D:5      | Gained mutation: You are covered in thick fur (AC +2). [mutagenic meat]
  3821 | D:5      | Gained mutation: You are somewhat resistant to further mutation. [mutagenic meat]
  4245 | D:6      | Reached skill level 1 in Shields
  4245 | D:6      | Reached skill level 6 in Unarmed Combat
  4422 | D:6      | Found a glowing golden altar of the Shining One.
  4632 | D:6      | Reached skill level 7 in Unarmed Combat
  4729 | D:6      | Reached XP level 9. HP: 76/76 MP: 8/8
  5766 | D:8      | Found a staircase to the Lair.
  5819 | D:8      | Reached skill level 8 in Unarmed Combat
  5841 | D:8      | Noticed Maurice
  5850 | D:8      | Killed Maurice
  5850 | D:8      | Reached skill level 5 in Fighting
  5984 | D:8      | Found a bloodstained altar of Trog.
  5987 | D:8      | Found a snail-covered altar of Cheibriados.
  6006 | D:8      | Reached skill level 5 in Dodging
  6066 | D:8      | Found an iron altar of Okawaru.
  6067 | D:8      | Found a burning altar of Makhleb.
  6068 | D:8      | Found a blossoming altar of Fedhas.
  6155 | D:8      | Reached XP level 10. HP: 37/86 MP: 9/9
  6205 | D:8      | Reached skill level 9 in Unarmed Combat
  7223 | D:9      | You fall through a shaft!
  7223 | D:10     | Entered Level 10 of the Dungeon
  7482 | D:10     | Noticed a hill giant
  7489 | D:10     | Killed a hill giant
  7489 | D:10     | Reached skill level 10 in Unarmed Combat
  7851 | D:10     | Noticed a hill giant
  7923 | D:10     | Killed a hill giant
  7923 | D:10     | Reached skill level 5 in Shields
  7923 | D:10     | Reached XP level 11. HP: 45/94 MP: 10/10
  8197 | D:9      | Found an iron altar of Okawaru.
  8545 | Lair:1   | Entered Level 1 of the Lair of Beasts
  8559 | D:8      | HP: 4/94 [wolf (10)]
  8560 | D:8      | Slain by a wolf

Skill      XL: |  1  2  3  4  5  6  7  8  9 10 |
---------------+-------------------------------+-----
Unarmed Combat | 1 2 3 4 5 7 8 10 | 10.4
Fighting       | 2 3 4 5 6 |  6.2
Dodging        | 2 3 4 5 6 |  6.1
Throwing       | 4 5 6 7 |  7.4
Shields        | 2 3 5 |  5.1
Stealth        | |  0.4

Action                   |  1- 3 |  4- 6 |  7- 9 | 10-12 || total
-------------------------+-------+-------+-------+-------++-------
Melee: Unarmed           |    79 |   147 |   346 |   280 ||   852
       Punch             |       |     2 |     2 |       ||     4
Throw: Large rock        |     2 |     8 |    20 |    14 ||    44
       Throwing net      |       |       |     1 |     3 ||     4
Evoke: Wand              |       |       |       |     2 ||     2
  Use: Scroll            |       |       |    12 |     3 ||    15
       Potion            |       |       |       |     1 ||     1
 Stab: Sleeping          |       |     2 |    12 |     2 ||    16
       Held in net/web   |       |       |     1 |       ||     1
  Eat: Chunk             |    17 |    15 |    40 |    25 ||    97
Armor: Robe              |    18 |    41 |    85 |    74 ||   218
Dodge: Dodged            |    36 |    76 |    69 |    99 ||   280
Block: Shield            |       |       |   115 |   178 ||   293
